Map: Gresvan LE

Players

MattBarry - Winner!

  • Race: Zerg Zerg
  • League: Gold
  • Spawn Location: 5:00

lancer

  • Race: Terran Terran
  • League: Silver
  • Spawn Location: 11:00

VOD

Have the link to the VOD?

Description

Time

  • Played on: Feb. 15, 2023, 5:42 a.m.
  • Length: 34:10
Show
View Real Time Build Order
Export as new Build Order

MattBarry Zerg - Winner!

Build Orders: Hatch First, Lurkers 

Get SALT Encoding   

  12  0:01  Drone  
  13  0:13  Overlord  
  13  0:19  Drone  
  14  0:32  Drone x2  
  16  0:52  Hatchery  
  16  0:55  Drone  
  16  0:59  Drone  
  17  1:08  Drone  
  18  1:14  Extractor  
  18  1:17  Spawning Pool  
  16  1:21  Drone  
  17  1:26  Drone  
  18  1:43  Drone  
  19  1:49  Overlord  
  19  2:06  Queen x2  
  19  2:07  Zergling x2  
  19  2:08  Zergling x2  
  25  2:14  Drone x2  
  25  2:15  Drone  
  27  2:40  Metabolic Boost  
  27  2:42  Queen  
  29  2:57  Extractor  
  27  3:01  Zergling x2, Drone x3  
  27  3:02  Zergling x4  
  33  3:30  Drone x3  
  33  3:33  Overlord  
  36  3:45  Evolution Chamber  
  36  3:47  Drone  
  36  3:50  Overlord  
  36  4:04  Lair  
  36  4:06  Drone  
  37  4:13  Baneling Nest  
  36  4:30  Hatchery  
  31  4:49  Drone x6  
  31  4:50  Drone x2  
  38  4:58  Zergling x4  
  40  5:05  Roach Warren  
  39  5:14  Drone x3  
  39  5:15  Drone x4  
  46  5:34  Drone x2  
  46  5:35  Drone  
  49  5:37  Hatchery  
  49  5:41  Extractor  
  47  5:43  Extractor  
  46  5:56  Glial Reconstitution  
  46  5:57  Roach x5  
  46  6:03  Drone  
  46  6:04  Drone, Overlord  
  58  6:22  Queen  
  58  6:35  Spore Crawler  
  58  6:36  Spore Crawler x2  
  58  6:37  Spore Crawler  
  49  6:51  Spore Crawler  
  49  6:52  Spore Crawler  
  49  6:53  Spore Crawler  
  46  7:02  Drone x3  
  49  7:17  Spore Crawler  
  49  7:18  Queen  
  50  7:30  Spore Crawler  
  49  7:42  Spore Crawler x2  
  47  7:44  Spore Crawler  
  46  7:54  Drone  
  46  7:55  Drone x10  
  57  8:22  Drone x6  
  57  8:23  Drone x2  
  57  8:26  Queen x2  
  57  8:27  Queen  
  71  8:35  Overlord  
  71  8:38  Overlord  
  71  8:49  Baneling  
  71  8:50  Baneling x2  
  71  8:52  Queen  
  73  8:56  Centrifugal Hooks  
  73  8:57  Zergling x12  
  73  8:58  Zergling x8  
  73  9:02  Drone x2  
  85  9:03  Drone  
  86  9:15  Extractor  
  86  9:16  Extractor  
  84  9:21  Spore Crawler  
  83  9:35  Drone  
  83  9:36  Drone x3  
  87  9:47  Baneling  
  87  9:49  Spore Crawler, Baneling  
  87  9:50  Baneling x4  
  87  9:51  Hatchery  
  85  10:01  Hydralisk Den  
  85  10:04  Roach Warren  
  83  10:10  Infestation Pit  
  83  10:11  Drone  
  83  10:12  Drone x4  
  87  10:17  Overlord x3  
  87  10:35  Drone x2  
  89  10:36  Overlord x2  
  89  10:37  Zergling x6  
  89  10:38  Zergling x4  
  94  10:44  Roach x5  
  94  10:45  Roach x2  
  94  10:46  Zerg Missile Weapons Level 1  
  108  10:50  Grooved Spines  
  108  10:51  Hive  
  108  10:59  Hydralisk  
  108  11:00  Hydralisk  
  112  11:16  Queen  
  112  11:17  Queen x3  
  112  11:18  Overlord x2  
  118  11:45  Overseer  
  118  11:51  Hydralisk x4  
  118  11:52  Queen x2  
  130  11:57  Lurker Den  
  129  12:02  Spire  
  128  12:33  Extractor x2  
  126  12:57  Drone  
  126  12:58  Hydralisk, Drone x4  
  131  13:00  Hydralisk x7  
  131  13:03  Zerg Ground Armor Level 1  
  147  13:09  Seismic Spines  
  147  13:10  Hydralisk  
  147  13:11  Evolution Chamber, Overlord x2  
  147  13:12  Overlord x3  
  148  13:19  Drone  
  149  13:31  Hydralisk x8, Pathogen Glands  
  165  13:41  Extractor  
  164  13:42  Lair  
  164  14:21  Lurker x7  
  164  14:24  Overlord x6  
  171  14:27  Neural Parasite  
  171  14:30  Drone x5  
  171  14:31  Drone  
  177  14:32  Drone x8  
  177  14:33  Drone x4  
  177  14:34  Greater Spire  
  177  14:35  Overlord  
  185  14:52  Corruptor x3  
  191  15:16  Drone x2  
  191  15:18  Spine Crawler  
  191  15:20  Extractor  
  191  15:22  Spine Crawler  
  191  15:23  Spore Crawler  
  191  15:26  Spore Crawler  
  191  15:27  Spore Crawler  
  181  15:33  Corruptor x3  
  181  15:34  Corruptor x4  
  183  15:45  Corruptor  
  173  15:51  Hydralisk x2  
  160  16:00  Hydralisk  
  160  16:01  Hydralisk x2  
  164  16:07  Overseer  
  164  16:08  Overseer  
  164  16:15  Queen, Overseer  
  166  16:36  Hatchery  
  166  16:38  Drone x5  
  170  16:42  Drone x2  
  172  16:56  Queen x2  
  176  17:01  Muscular Augments  
  176  17:15  Lurker  
  176  17:16  Lurker x3  
  180  17:28  Queen  
  182  17:32  Drone  
  182  17:33  Drone x4  
  187  17:44  Drone x4  
  189  17:47  Hatchery  
  189  17:49  Zerg Ground Armor Level 2  
  190  17:51  Zerg Missile Weapons Level 2  
  190  17:53  Corruptor  
  190  17:54  Corruptor  
  194  17:58  Zerg Flyer Armor Level 1  
  194  19:05  Corruptor x2, Infestor  
  200  19:16  Hydralisk x3  
  148  19:32  Hydralisk x3  
  148  19:33  Hydralisk x16  
  183  20:03  Lurker x2  
  183  20:04  Lurker  
  186  20:11  Zerg Flyer Weapons Level 1  
  186  20:26  Queen  
  188  20:32  Extractor, Drone x3  
  188  20:33  Extractor  
  189  20:51  Queen x2  
  193  21:09  Extractor  
  193  21:10  Extractor  
  191  21:27  Hatchery  
  190  21:35  Hydralisk x2  
  190  21:36  Hydralisk  
  190  21:37  Corruptor x2, Hatchery  
  199  21:44  Lurker  
  197  22:42  Overlord  
  197  22:43  Overlord x2  
  197  22:50  Lurker x3  
  173  23:14  Corruptor x4  
  163  23:24  Hydralisk x6  
  163  23:25  Hydralisk x4  
  181  23:40  Queen x3  
  187  23:50  Zerg Missile Weapons Level 3  
  185  23:55  Overlord x2  
  180  24:10  Brood Lord x2  
  180  24:11  Brood Lord x5  
  194  24:30  Brood Lord  
  196  24:33  Spore Crawler  
  179  25:38  Hydralisk x3  
  179  25:39  Hydralisk x5  
  181  25:52  Corruptor x2, Brood Lord  
  181  25:53  Corruptor x4  
  187  26:06  Drone  
  187  26:07  Drone x2  
  180  27:01  Hydralisk x2  
  180  27:02  Hydralisk x2  
  188  27:35  Extractor  
  187  27:38  Extractor  
  186  27:57  Spine Crawler  
  184  28:06  Extractor  
  184  28:09  Corruptor x2  
  184  28:11  Brood Lord x3  
  184  28:12  Brood Lord x3  
  199  28:17  Zerg Melee Weapons Level 1  
  199  28:19  Zerg Flyer Weapons Level 2  
  182  28:31  Hydralisk  
  182  28:32  Hydralisk x7  
  198  29:07  Drone x2  
  194  29:45  Corruptor x3  
  190  29:46  Corruptor x2  
  190  30:19  Corruptor x3  
  190  30:20  Corruptor x6  
  196  30:25  Corruptor  
  190  30:42  Corruptor  
  190  30:53  Drone x3  
  193  31:06  Overseer  
  193  31:07  Overseer  
  193  31:09  Pneumatized Carapace  
  193  31:28  Hatchery  
  163  32:26  Corruptor  
  163  32:27  Corruptor x13  
  185  33:17  Corruptor x4  
  193  33:26  Brood Lord  
  193  33:27  Brood Lord x2  
Show
View Real Time Build Order
Export as new Build Order

lancer Terran 

Build Orders:  

Get SALT Encoding   

  12  0:01  SCV  
  13  0:13  SCV  
  14  0:25  SCV  
  15  0:30  Supply Depot  
  15  0:42  Refinery  
  15  0:43  Refinery  
  15  0:52  SCV  
  15  0:55  Barracks  
  16  1:04  SCV  
  17  1:16  SCV  
  18  1:28  SCV  
  18  1:32  Supply Depot  
  19  1:40  SCV  
  19  1:42  Reaper  
  21  1:52  Factory  
  21  1:53  SCV  
  22  2:05  SCV  
  23  2:15  Supply Depot  
  23  2:25  Orbital Command  
  23  2:38  Supply Depot  
  23  2:41  Factory Tech Lab  
  23  2:50  Supply Depot, Barracks Tech Lab  
  23  3:01  Siege Tank  
  25  3:25  Starport  
  25  3:33  Widow Mine  
  27  3:51  Starport  
  27  3:54  Widow Mine  
  29  4:09  Starport Tech Lab  
  29  4:16  Fusion Core  
  29  4:29  Starport  
  29  4:30  Starport Tech Lab  
  27  5:06  Starport Tech Lab  
  27  5:07  Battlecruiser  
  27  5:11  Command Center  
  27  5:13  Hellion  
  35  5:25  Supply Depot  
  35  5:35  Hellion  
  37  5:47  Ghost Academy  
  37  5:56  Hellion  
  39  6:17  Barracks, Hellion  
  37  6:39  Hellion  
  39  6:52  Battlecruiser x2  
  51  7:05  Barracks  
  51  7:12  Barracks Tech Lab  
  51  7:37  Siege Tank  
  54  7:46  Marine x2  
  56  8:04  Marine x2  
  58  8:09  Widow Mine  
  60  8:16  Barracks Tech Lab  
  60  8:22  Marine  
  61  8:31  Widow Mine  
  63  8:36  Factory  
  64  8:41  SCV x2  
  64  8:42  Refinery  
  65  8:52  Widow Mine  
  65  8:53  SCV x2  
  65  8:54  Ghost  
  71  9:05  SCV x2  
  71  9:07  Refinery  
  73  9:14  Widow Mine  
  75  9:17  SCV  
  75  9:18  SCV  
  75  9:21  Factory  
  75  9:22  Medivac x2  
  75  9:23  Marine x2  
  75  9:24  Marine  
  84  9:29  SCV  
  84  9:30  SCV  
  86  9:34  Factory Tech Lab  
  86  9:55  Supply Depot  
  86  10:13  Factory Tech Lab  
  86  10:16  Marine x3, SCV x2  
  86  10:17  Supply Depot  
  91  10:23  Armory  
  91  10:28  SCV  
  91  10:29  SCV  
  91  10:34  Marine  
  94  10:38  Viking x3  
  94  10:39  Supply Depot  
  94  10:41  SCV x2  
  102  11:01  SCV x2  
  104  11:05  Ghost  
  104  11:06  Ghost  
  104  11:08  Viking  
  110  11:13  SCV x2  
  110  11:18  Terran Ship Weapons Level 1  
  112  11:21  Command Center  
  112  11:31  Barracks  
  112  11:52  Weapon Refit  
  112  11:56  Raven  
  112  11:57  Marine x3  
  117  12:04  Orbital Command  
  117  12:15  Marine  
  118  12:20  Barracks  
  118  12:32  Marine, Thor x2  
  118  12:36  SCV  
  132  12:41  Orbital Command  
  132  12:48  SCV  
  132  12:50  Engineering Bay  
  133  13:04  Barracks Reactor  
  133  13:07  Stimpack  
  133  13:09  Barracks  
  133  13:17  Barracks Reactor  
  133  13:27  Thor  
  133  13:32  Rapid Reignition System  
  139  13:41  Refinery  
  139  13:46  Terran Infantry Weapons Level 1  
  139  13:47  Supply Depot x3  
  139  13:55  Missile Turret  
  139  14:07  Marine x2, Refinery  
  139  14:08  Marine x2  
  143  14:11  Supply Depot  
  143  14:14  Supply Depot  
  143  14:17  Missile Turret  
  143  14:18  Thor  
  149  14:24  Terran Vehicle Weapons Level 1  
  149  14:38  Missile Turret  
  149  14:46  Concussive Shells  
  149  14:50  Widow Mine x2  
  153  14:55  Marine x3  
  156  15:01  Widow Mine  
  158  15:09  Barracks Reactor  
  158  15:12  Widow Mine x2  
  162  15:16  Sensor Tower  
  162  15:22  Widow Mine  
  164  15:33  Widow Mine x2  
  163  15:40  Terran Infantry Armor Level 1  
  84  16:09  Battlecruiser x2  
  96  16:11  Marine x2  
  96  16:12  Marine x5  
  99  16:18  Terran Vehicle And Ship Armor Level 1  
  99  16:29  Marine x4  
  99  16:30  Marine x3  
  106  16:39  Thor  
  112  16:47  Marine x5  
  112  16:48  Marine x2, Combat Shield  
  119  16:55  Medivac  
  119  17:00  SCV  
  122  17:05  Marine x6  
  122  17:06  Marine  
  129  17:22  Marine  
  129  17:23  Marine x6  
  136  17:31  Thor  
  136  17:34  Hellion x2  
  146  17:40  Marine x2  
  146  17:41  Marine  
  149  17:55  Hellion  
  149  17:56  Hellion  
  153  18:02  Orbital Command  
  153  18:15  Hellion  
  153  18:16  Raven x3  
  153  18:17  Hellion x2  
  153  18:18  Marine x3  
  153  18:19  Marine x2  
  169  18:20  Marine x2  
  172  18:36  Marine x3  
  172  18:37  Marine  
  172  18:38  Marauder x3  
  182  18:48  Infernal Pre-Igniter  
  182  18:52  Terran Vehicle Weapons Level 2  
  182  18:53  Marine  
  183  18:59  Marauder x2  
  187  19:03  Refinery  
  187  19:07  Refinery  
  109  19:41  Ghost x3  
  109  19:43  Marine x4  
  119  20:01  Marine x4  
  123  20:09  Marine  
  123  20:10  Marine x2  
  123  20:11  Siege Tank x2  
  132  20:16  Widow Mine  
  132  20:19  Marine x4  
  138  20:25  Medivac  
  138  20:28  Marauder x3  
  146  20:36  Marine x2  
  146  20:37  Marine x2  
  146  20:38  Widow Mine  
  146  20:41  Hyperflight Rotors  
  152  20:43  Widow Mine  
  152  20:44  Widow Mine  
  152  20:49  Marine, Marauder x2  
  161  20:54  Marine x3  
  161  20:55  Marine  
  165  20:59  Siege Tank  
  168  21:04  Banshee  
  168  21:05  Banshee  
  168  21:07  Banshee, Marine  
  168  21:10  Marine x2  
  180  21:12  Marine x2  
  182  21:32  Thor  
  188  21:41  Siege Tank  
  191  21:49  Supply Depot  
  182  22:12  Supply Depot  
  182  22:13  Raven x3  
  188  22:35  Supply Depot, Command Center  
  188  22:41  Cloaking Field  
  188  22:47  Raven  
  161  23:00  Missile Turret  
  112  23:25  Marine x2  
  112  23:26  Marine x4, Ghost  
  120  23:43  Ghost  
  120  23:44  Ghost  
  124  23:55  Ghost  
  124  23:56  Command Center  
  124  24:12  Ghost x2  
  128  24:24  Marauder  
  128  24:28  Marine  
  128  24:29  Marine x3  
  134  24:34  Widow Mine x2  
  138  24:41  Marauder x2  
  142  24:46  Marine x2, Marauder  
  142  24:47  Marine x2  
  129  25:03  Marauder x2  
  129  25:04  Marine x3  
  129  25:05  Marine  
  139  25:07  Marauder  
  136  25:24  Marauder x2  
  135  25:28  Marauder  
  102  25:45  Marauder  
  102  25:46  Marauder  
  104  25:50  Marauder  
  104  25:54  Battlecruiser x3  
  120  26:42  Marine x4  
  120  26:58  Battlecruiser x3  
  110  27:15  Marine x7  
  117  27:32  Hellbat x3, Marine  
  117  27:33  Marine x3  
  117  27:34  Marauder x3  
  133  27:43  Personal Cloaking  
  133  27:45  Terran Infantry Weapons Level 2  
  133  27:53  Hellbat  
  133  27:55  Marauder x3  
  141  28:01  Marine x4  
  141  28:02  Battlecruiser x2, Medivac  
  159  28:16  Marine x2  
  154  28:32  Medivac  
  156  28:36  Widow Mine x3  
  156  28:39  Marine x2  
  164  28:55  Refinery  
  164  28:56  Refinery  
  164  28:57  Widow Mine x2  
  164  28:58  Widow Mine, Planetary Fortress  
  164  29:01  Planetary Fortress  
  172  29:03  Raven  
  172  29:19  Widow Mine x3  
  165  29:40  Widow Mine x3  
  171  29:49  Medivac x3  
  171  29:51  Ghost  
  179  29:54  Marine x6  
  185  30:01  Widow Mine x2, Terran Infantry Armor Level 2  
  185  30:02  Widow Mine  
  191  30:11  Marine x2  
  191  30:12  Marine x4  
  196  30:19  Medivac  
  196  30:20  Marine  
  182  30:29  Marine  
  182  30:30  Marauder  
  184  30:49  Refinery  
  184  30:50  Battlecruiser  
  190  31:03  Bunker  
  190  31:07  Viking  
  190  31:09  Viking  
  194  31:14  Refinery  
  194  31:37  Viking  
  194  31:38  Marine x4  
  200  31:48  Refinery  
  103  32:33  Marine  
  103  32:34  Marine x6  
  87  32:51  Marine x3  
  87  32:52  Marine x4  
  93  33:09  Marine  
  93  33:10  Marine x3  
  94  33:16  Marine  
  94  33:19  Viking x3  
  92  33:27  Marine  
  92  33:28  Marine  
  93  33:38  Marauder  
  91  33:46  Marauder x2  
Tags
 
Composition
Lurkers
Matchup
TvZ
Replay Pack
Multiplayer
Spawn Locations
Cross Positions
Add a new tag
Caveats
  • Supply blocks, unpowered buildings, or Contaminate may cause inaccurate times.
  • Supply counts are checked every 10 seconds.